 Dungeon Crawl Stone Soup version 0.22.0-13-g43fe8f24b8 (webtiles) character file.

13010 Flugkiller the Summoner (level 11, -6/48 HPs)
             Began as a Felid Summoner on Aug 16, 2018.
             Was a High Priest of Sif Muna.
             Shot with an arrow by a centaur warrior (23 damage)
             ... on level 13 of the Dungeon.
             The game lasted 00:54:21 (33229 turns).

Flugkiller the Summoner (Felid Summoner)           Turns: 33229, Time: 00:54:22

Health: -6/48      AC:  2    Str:  4    XL:     11   Next: 70%
Magic:  1/27       EV: 24    Int: 20    God:    Sif Muna [*****.]
Gold:   1002       SH:  6    Dex: 17    Spells: 1/32 levels left
                                        Lives:  0   Deaths: 3

rFire    + . .     SeeInvis +   (weapon unavailable)
rCold    . . .     Gourm    .   (shield unavailable)
rNeg     . . .     Faith    .   (armour unavailable)
rPois    .         Spirit   .   (helmet unavailable)
rElec    .         Reflect  +   (cloak unavailable)
rCorr    .         Harm     .   (gloves unavailable)
MR       +....                  (boots unavailable)
Stlth    +++.......             v - +6 amulet of reflection
HPRegen  0.16/turn              t - ring of fire
MPRegen  0.20/turn              Q - ring of protection from cold

@: very slightly contaminated, no casting, quick
A: very small, no armour, no weapons or thrown items, stealth, claws 1, fangs 3,
see invisible, carnivore, speed 1, shaggy fur 2, slow metabolism 1, sharp paws
a: Stop Divine Energy, Channel Magic, Forget Spell, Renounce Religion


You were on level 13 of the Dungeon.
You worshipped Sif Muna.
Sif Muna was extremely pleased with you.
You were not hungry.

You visited 3 branches of the dungeon, and saw 20 of its levels.

You collected 1046 gold pieces.
You spent 44 gold pieces at shops.

Inventory:

Jewellery
 d - an uncursed ring of protection from magic
 k - an uncursed amulet of regeneration
 t - a ring of fire (left paw)
 v - a +6 amulet of reflection (around neck)
 y - an uncursed ring of protection from magic
 z - an uncursed amulet of guardian spirit {unknown}
 K - a +4 ring of dexterity
 O - an uncursed ring of ice
 Q - a ring of protection from cold (right paw)
Wands
 o - a wand of disintegration (15)
 u - a wand of paralysis (32)
 x - a wand of polymorph (50)
 D - a wand of iceblast (29)
 E - a wand of clouds (10)
 F - a wand of digging (15)
 I - a wand of flame (28)
 L - a wand of random effects (20)
 M - a wand of enslavement (10)
 N - a wand of scattershot (7)
Scrolls
 c - 2 scrolls of summoning
 f - 2 scrolls of amnesia
 g - 5 scrolls of remove curse
 h - 8 scrolls of teleportation
 n - a scroll of immolation
 s - a scroll of holy word
 A - 5 scrolls of fog
 B - a scroll of fear
 G - a scroll of blinking
Potions
 a - 4 potions of flight
 e - a potion of agility
 i - 3 potions of haste
 j - 2 potions of invisibility
 l - 4 potions of lignification
 m - 3 potions of heal wounds
 p - 10 potions of curing
 q - a potion of magic
 r - 4 potions of brilliance
 w - 2 potions of mutation
 C - 4 potions of might
Comestibles
 b - 43 rations


   Skills:
 - Level 6.0 Fighting
 - Level 9.0 Dodging
 - Level 2.6 Stealth
 - Level 11.0 Spellcasting
 * Level 13.6 Summonings
 - Level 3.0 Translocations
 + Level 3.4 Transmutations
 - Level 3.0 Ice Magic
 - Level 3.0 Air Magic
 + Level 2.7 Earth Magic


You had one spell level left.
You knew the following spells:

 Your Spells              Type           Power        Failure   Level  Hunger
a - Summon Demon          Summ           ######....   1%          5    ####...
c - Call Canine Familiar  Summ           ######..     1%          3    None
d - Summon Ice Beast      Ice/Summ       #####...     1%          4    ##.....
e - Summon Lightning Spi  Summ/Air       #####...     1%          4    ##.....
f - Monstrous Menagerie   Summ           ######....   21%         7    #######
g - Statue Form           Tmut/Erth      ###......    95%         6    ######.
r - Blink                 Tloc           N/A          2%          2    None

Your spell library contained the following spells:

 Spells                   Type           Power        Failure   Level  Hunger
 Magic Dart               Conj           ##..         6%          1    None
 Fireball                 Conj/Fire      ###.......   86%         5    ####...
 Apportation              Tloc           ###...       1%          1    None
 Conjure Flame            Conj/Fire      ###.....     19%         3    None
 Bolt of Fire             Conj/Fire      ###.......   100%        6    ######.
 Bolt of Magma            Conj/Fire/Erth ###.......   75%         5    ####...
 Slow                     Hex            ##......     10%         2    None
 Throw Flame              Conj/Fire      ###...       10%         2    None
 Throw Frost              Conj/Ice       ###...       4%          2    None
 Controlled Blink         Tloc           N/A          100%        8    #######
 Mephitic Cloud           Conj/Pois/Air  ###.....     12%         3    None
 Ring of Flames           Chrm/Fire      ###.......   100%        7    #######
 Death's Door             Chrm/Necr      ##........   100%        8    #######
 Summon Small Mammal      Summ           ####         1%          1    None
 Iskenderun's Mystic Bla  Conj           ##......     52%         4    ##.....
 Animate Dead             Necr           N/A          52%         4    ##.....
 Pain                     Necr           ##..         6%          1    None
 Animate Skeleton         Necr           N/A          6%          1    None
 Vampiric Draining        Necr           ##........   19%         3    None
 Haunt                    Necr/Summ      #####.....   97%         7    #######
 Borgnjor's Revivificati  Necr           ##........   100%        8    #######
 Freeze                   Ice            ###.         1%          1    None
 Ozocubu's Refrigeration  Ice            ###.......   95%         6    ######.
 Ozocubu's Armour         Chrm/Ice       ###.....     10%         3    None
 Call Imp                 Summ           ######..     1%          2    None
 Poison Arrow             Conj/Pois      ##........   100%        6    ######.
 Regeneration             Chrm/Necr      ##........   19%         3    None
 Sting                    Conj/Pois      ##..         6%          1    None
 Summon Greater Demon     Summ           ######....   21%         7    #######
 Iron Shot                Conj/Erth      ###.......   99%         6    ######.
 Stone Arrow              Conj/Erth      ###...       11%         3    None
 Spider Form              Tmut/Pois      ###.......   10%         3    None
 Necromutation            Tmut/Necr      ###.......   100%        8    #######
 Throw Icicle             Conj/Ice       ###.....     32%         4    ##.....
 Confusing Touch          Hex            ##....       6%          1    None
 Passwall                 Tmut/Erth      ###.....     2%          2    None
 Ignite Poison            Fire/Tmut/Pois ###.....     12%         3    None
 Shatter                  Erth           ###.......   100%        9    #######
 Dispersal                Tloc           ###.......   95%         6    ######.
 Lee's Rapid Deconstruct  Erth           ###.......   50%         5    ####...
 Sandblast                Erth           ###...       1%          1    None
 Portal Projectile        Hex/Tloc       ###...       10%         3    None
 Petrify                  Tmut/Erth      ###.....     17%         4    ##.....
 Leda's Liquefaction      Hex/Erth       ###.......   34%         4    ##.....
 Disjunction              Tloc           ###.......   100%        8    #######
 Force Lance              Conj/Tloc      ###.....     32%         4    ##.....
 Summon Guardian Golem    Hex/Summ       #####...     1%          3    None
 Dragon's Call            Summ           ######....   100%        9    #######
 Irradiate                Conj/Tmut      ###.......   65%         5    ####...
 Gell's Gravitas          Tloc           ###.......   5%          3    None
 Infestation              Necr           ##........   100%        8    #######
 Ignition                 Fire           ###.......   100%        8    #######


Dungeon Overview and Level Annotations

Branches:
Dungeon (13/15)            Temple (1/1) D:5            Lair (6/6) D:11
  Swamp (0/4) Lair:3        Snake (0/4) Lair:2        Slime (0/5) Lair:5
    Orc (0/2) D:10
 Vaults: D:13-14

Altars:
Ashenzari
Cheibriados
Dithmenos
Elyvilon
Fedhas
Gozag
Hepliaklqana
Kikubaaqudgha
Makhleb
Nemelex Xobeh
Okawaru
Qazlal
Ru
Sif Muna
Trog
Uskayaw
Vehumet
Wu Jian
Xom
Yredelemnul
Zin
The Shining One

Shops:
D:6 ?   D:10 (

Portals:
Trove: D:11 (give horn of Geryon)

Annotations:
D:4 Duvessa
D:13 Urug
Lair:2 2 runed doors, Anaz's ghost, journeyman HuSk
Lair:4 exclusion: oklob plant
Lair:5 2 transporters


Innate Abilities, Weirdness & Mutations

You cannot wear armour.
You are incapable of wielding weapons or throwing items.
Your paws allow you to move quietly. (Stealth)
You have sharp claws.
You have razor-sharp teeth.
You have supernaturally acute eyesight. (SInv)
You are carnivorous and can eat meat at any time.
You cover ground quickly.
You are covered in thick fur. (AC +2)
You have a slow metabolism.
Your sharp claws are effective at attacking unaware monsters.


Message History

Confirm with . or Enter, or press ? or * to list all spells.
A chill wind blows around you.
The centaur warrior shoots an arrow.
The arrow completely misses you.
Casting: Summon Ice Beast (safe; 1% risk of failure)
Confirm with . or Enter, or press ? or * to list all spells.
A chill wind blows around you. Sif Muna grants you divine energy.
You briefly lose access to your magic!
The centaur warrior shoots an arrow.
You reflect the arrow off an invisible shield around you!
The arrow hits the centaur warrior!!
Your lindwurm breathes flames at the centaur warrior.
The blast of flame misses the centaur warrior.
The centaur warrior shoots an arrow.
The arrow hits you!!
You see here an arrow.
The jelly closely misses you.
Your lindwurm bites the centaur warrior!
Your lindwurm claws the centaur warrior!
Your lindwurm completely misses the centaur warrior.
The centaur warrior shoots an arrow.
The arrow hits you!!
You die...

# #. .
#.##########..
#.............
#.?(..........
#...Y........#
#...(@J.(.....
#...).....)...
#...(.....(...
#....Y........
#.....).......
#.........(...
#......kc..###
#..........#
#..........#


You could see a centaur warrior, a jelly, a friendly lindwurm and 2 friendly ice
beasts.

Vanquished Creatures
  A bullfrog skeleton (D:6)
  2 oozes
  2 leopard geckos
  2 orcs
  A ball python (D:2)
  3 giant cockroaches
  5 goblins
  3 hobgoblins
  2 jackals
  A quokka (D:9)
  2 bats
  3 frilled lizards
  3 kobolds
  4 rats
34 creatures vanquished.

Vanquished Creatures (collateral kills)
  Fannar (Lair:1)
  A centaur warrior (D:13)
  3 hydras
  Erica (D:9)
  3 two-headed ogres
  6 death yaks (Lair:5)
  Pikel (D:6)
  A deep elf mage (D:12)
  2 ugly things
  A wolf spider (D:11)
  3 cyclopes
  Maurice (D:8)
  Joseph (D:8)
  A black mamba (Lair:5)
  A torpor snail (Lair:2)
  A gargoyle (D:10)
  Psyche (D:8)
  8 spiny frogs
  4 rime drakes
  2 centaur skeletons (D:13)
  An efreet (D:12)
  2 komodo dragons (Lair:1)
  A redback zombie (D:13)
  A tyrant leech (Lair:3)
  3 trolls
  2 polar bears (Lair:6)
  2 hornets
  9 slime creatures
  4 blink frogs (Lair:1)
  10 hippogriffs
  Sigmund (D:4)
  17 yaks
  3 vampires
  A wyvern (D:10)
  6 basilisks
  Eustachio (D:4)
  Grum (Lair:1)
  3 hungry ghosts (D:11)
  Menkaure (D:4)
  3 swamp worms (Lair:3)
  9 water moccasins
  10 porcupines
  5 orc warriors
  4 sky beasts
  7 ice beasts
  4 slaves (D:6)
  10 black bears
  A swamp drake (D:10)
  7 ogres
  A necrophage (D:12)
  8 centaurs
  17 wolves
  10 crocodiles
  4 big kobolds
  Blork the orc (D:6)
  10 bullfrogs
  A wyvern zombie (D:10)
  5 scorpions
  Dowan (D:4)
  16 wights
  2 howler monkeys
  A bullfrog zombie (D:10)
  10 crimson imps
  7 hounds
  3 centaur zombies
  3 quasits
  7 orc priests
  A gnoll shaman (D:6)
  4 jellies
  2 bullfrog skeletons
  9 orc wizards
  Ijyb (D:4)
  3 iguanas
  7 worker ants
  A hound zombie (D:9)
  5 hound skeletons
  Robin (D:4)
  10 gnolls
  15 adders
  5 shadow imps
  An ooze (D:2)
  4 worms
  2 dart slugs
  6 leopard geckos
  46 orcs
  4 bats
  5 giant cockroaches
  9 goblins
  9 hobgoblins
  15 jackals
  6 quokkas
  A ball python skeleton (D:4)
  4 frilled lizards
  21 kobolds
  A leopard gecko skeleton (D:6)
  A leopard gecko zombie (D:5)
  5 rats
  2 fungi
485 creatures vanquished.

Vanquished Creatures (others)
  A centaur skeleton (D:12)
  A meliai zombie (D:13)
  A goblin (D:4)
  21 fungi
  6 plants (D:11)
30 creatures vanquished.

Grand Total: 549 creatures vanquished

Notes
Turn   | Place    | Note
-------+----------+-------------------------------------------
     0 | D:1      | Flugkiller the Felid Summoner began the quest for the Orb.
     0 | D:1      | Reached XP level 1. HP: 7/7 MP: 4/4
   353 | D:1      | Reached XP level 2. HP: 6/11 MP: 3/6
  1484 | D:2      | Reached XP level 3. HP: 10/14 MP: 4/8
  1583 | D:2      | Learned a level 2 spell: Call Imp
  1587 | D:2      | Learned a level 3 spell: Call Canine Familiar
  2890 | D:2      | Reached XP level 4. HP: 18/18 MP: 4/9
  3251 | D:3      | Reached skill level 5 in Summonings
  3754 | D:3      | Reached XP level 5. HP: 21/21 MP: 7/11
  3791 | D:3      | Found a faded altar of an unknown god.
  4088 | D:3      | Found a stormy altar of Qazlal.
  4099 | D:3      | Found a blossoming altar of Fedhas.
  4496 | D:3      | Found a bloodstained altar of Trog.
  4510 | D:3      | Found an iron altar of Okawaru.
  4918 | D:4      | Noticed Robin
  4983 | D:4      | Noticed Ijyb
  4983 | D:4      | Noticed Eustachio
  5063 | D:4      | Found an ancient bone altar of Kikubaaqudgha.
  5067 | D:4      | Noticed Sigmund
  5133 | D:4      | Killed Sigmund
  5319 | D:4      | Learned a level 4 spell: Summon Ice Beast
  5361 | D:4      | Noticed Duvessa
  5364 | D:4      | Noticed Dowan
  5373 | D:4      | Gained mutation: You are covered in thick fur. (AC +2) [Felid growth]
  5373 | D:4      | Reached XP level 6. HP: 20/24 MP: 8/13
  5391 | D:4      | Noticed Menkaure
  5392 | D:4      | Mangled by Duvessa
  5393 | D:4      | Reached XP level 5. HP: -10/21 MP: 3/12
  5459 | D:4      | Reached skill level 6 in Summonings
  5488 | D:4      | Killed Menkaure
  5488 | D:4      | Reached skill level 1 in Ice Magic
  5490 | D:4      | Killed Dowan
  5719 | D:4      | Killed Robin
  5736 | D:4      | Killed Eustachio
  5736 | D:4      | Reached XP level 6. HP: 18/24 MP: 7/13
  5814 | D:4      | Killed Ijyb
  6315 | D:5      | Entered Level 5 of the Dungeon
  6404 | D:5      | Found a staircase to the Ecumenical Temple.
  6464 | D:5      | Noticed a sky beast
  6489 | D:5      | Killed a sky beast
  7614 | Temple   | Entered the Ecumenical Temple
  7947 | D:5      | Found an opulent altar of Gozag.
  7954 | D:5      | Found a shimmering altar of Xom.
  8066 | D:5      | Reached skill level 7 in Summonings
  8181 | D:5      | Reached XP level 7. HP: 27/27 MP: 14/14
  8312 | D:5      | Found a snail-covered altar of Cheibriados.
  8510 | D:5      | Found a sacrificial altar of Ru.
  8517 | D:5      | Found a deep blue altar of Sif Muna.
  8518 | D:5      | Found a hide-covered altar of Uskayaw.
  8519 | D:5      | Found a shimmering altar of Xom.
  8525 | D:5      | Became a worshipper of Sif Muna the Loreminder
  8868 | D:5      | Reached skill level 1 in Fighting
  9699 | D:6      | Noticed Blork the orc
  9706 | D:6      | Killed Blork the orc
 10479 | D:6      | Found a sparkling altar of Nemelex Xobeh.
 10628 | D:6      | Noticed Pikel
 10789 | D:6      | Killed Pikel
 10789 | D:6      | Reached skill level 5 in Spellcasting
 10789 | D:6      | Reached XP level 8. HP: 21/34 MP: 8/16
 10880 | D:6      | Reached skill level 5 in Dodging
 10979 | D:6      | Found Zafucajo's Magic Scroll Shoppe.
 10987 | D:6      | Bought a scroll of identify for 22 gold pieces
 10987 | D:6      | Bought a scroll of identify for 22 gold pieces
 11489 | D:7      | Learned a level 4 spell: Summon Lightning Spire
 11529 | D:7      | Reached * piety under Sif Muna
 11968 | D:7      | Reached skill level 1 in Air Magic
 12105 | D:7      | Reached skill level 8 in Summonings
 12806 | D:8      | Noticed Joseph
 13242 | D:8      | Reached XP level 9. HP: 34/37 MP: 0/19
 13486 | D:8      | Killed Joseph
 13486 | D:8      | Reached ** piety under Sif Muna
 13486 | D:8      | Reached skill level 9 in Summonings
 13779 | D:8      | Found a burning altar of Makhleb.
 14411 | D:8      | Reached skill level 10 in Summonings
 14436 | D:8      | Noticed Maurice
 14467 | D:8      | Killed Maurice
 14540 | D:8      | Noticed Psyche
 14550 | D:8      | Killed Psyche
 15062 | D:9      | Noticed Erica
 15840 | D:9      | Reached *** piety under Sif Muna
 15852 | D:9      | Killed Erica
 16419 | D:10     | Entered Level 10 of the Dungeon
 16473 | D:10     | Noticed a gargoyle
 16617 | D:10     | Found Baovuapn's Antique Weapon Boutique.
 17044 | D:10     | Reached XP level 10. HP: 42/42 MP: 6/21
 17281 | D:10     | Reached skill level 11 in Summonings
 17678 | D:10     | Killed a gargoyle
 17964 | D:10     | Found a staircase to the Orcish Mines.
 18516 | D:11     | Noticed a cyclops
 18529 | D:11     | Killed a cyclops
 18681 | D:11     | Noticed a two-headed ogre
 18936 | D:11     | Reached **** piety under Sif Muna
 19197 | D:11     | Noticed a brown ugly thing
 19203 | D:11     | Killed a brown ugly thing
 19273 | D:11     | Noticed a wolf spider
 19279 | D:11     | HP: 1/42 [poisoned by a wolf spider]
 19279 | D:11     | Mangled by a wolf spider
 19280 | D:11     | Reached XP level 9. HP: -10/37 MP: 15/22
 19305 | D:11     | Killed a wolf spider
 19412 | D:11     | Found a portal to a secret trove of treasure.
 19528 | D:11     | Noticed a cyclops
 19543 | D:11     | Killed a cyclops
 19543 | D:11     | Reached skill level 12 in Summonings
 19704 | D:11     | Found a staircase to the Lair.
 19810 | D:11     | Noticed a two-headed ogre
 19859 | D:11     | Killed a two-headed ogre
 19859 | D:11     | Reached XP level 10. HP: 42/42 MP: 13/24
 20757 | Lair:1   | Entered Level 1 of the Lair of Beasts
 20824 | Lair:1   | Noticed a spiny frog
 20836 | Lair:1   | Learned a level 2 spell: Blink
 20845 | Lair:1   | Noticed Grum
 20856 | Lair:1   | Reached skill level 1 in Translocations
 20864 | Lair:1   | Killed Grum
 21224 | Lair:1   | Killed a spiny frog
 22296 | Lair:1   | Noticed Fannar
 22297 | Lair:1   | Noticed a spiny frog
 22413 | Lair:1   | Killed a spiny frog
 22965 | Lair:1   | Killed Fannar
 22965 | Lair:1   | Reached skill level 10 in Spellcasting
 23387 | Lair:2   | Found a staircase to the Snake Pit.
 23450 | Lair:2   | Noticed a torpor snail
 23461 | Lair:2   | Killed a torpor snail
 23468 | Lair:2   | Noticed a six-headed hydra
 23479 | Lair:2   | Killed a six-headed hydra
 23479 | Lair:2   | Reached ***** piety under Sif Muna
 23743 | Lair:2   | Found a large runed door.
 23743 | Lair:2   | Found a large runed door.
 23747 | Lair:2   | Noticed Anaz's ghost (journeyman HuSk)
 23788 | Lair:2   | Noticed a spiny frog
 23801 | Lair:2   | Killed a spiny frog
 23942 | Lair:2   | Noticed a spiny frog
 23953 | Lair:2   | Killed a spiny frog
 23953 | Lair:2   | Reached XP level 11. HP: 46/46 MP: 15/26
 24604 | Lair:3   | Identified Sif Muna's Tome of Creative Confrontation (Sif Muna gifted it to you on level 3 of the Lair of Beasts)
 24604 | Lair:3   | Received a gift from Sif Muna
 24614 | Lair:3   | Learned a level 7 spell: Monstrous Menagerie
 25781 | Lair:3   | Found a staircase to the Swamp.
 26055 | Lair:4   | Reached skill level 5 in Fighting
 26766 | Lair:4   | Noticed an oklob plant
 27426 | Lair:5   | Noticed a death yak
 27431 | Lair:5   | Noticed a death yak
 27433 | Lair:5   | Noticed a death yak
 27438 | Lair:5   | Noticed a death yak
 27441 | Lair:5   | Noticed a death yak
 27442 | Lair:5   | Noticed a death yak
 27447 | Lair:5   | Killed a death yak
 27490 | Lair:5   | Killed a death yak
 27504 | Lair:5   | Killed a death yak
 27585 | Lair:5   | Slain by a black mamba
 27586 | Lair:5   | Reached XP level 10. HP: -2/44 MP: 1/25
 27633 | Lair:5   | Killed a black mamba
 27724 | Lair:5   | Found a transporter.
 28015 | Lair:5   | Found a staircase to the Slime Pits.
 28018 | Lair:5   | Found a transporter.
 28527 | Lair:5   | Killed a death yak
 28535 | Lair:5   | Killed a death yak
 28544 | Lair:5   | Killed a death yak
 28753 | Lair:5   | Found a transporter.
 28755 | Lair:5   | Found a staircase to the Slime Pits.
 29106 | Lair:5   | Found a transporter.
 29334 | Lair:6   | Entered Level 6 of the Lair of Beasts
 29334 | Lair:6   | Noticed a spiny frog
 29342 | Lair:6   | Killed a spiny frog
 29556 | Lair:5   | Identified a scroll of acquirement
 29557 | Lair:5   | Identified Flugkiller's Disquisition on the Damaging Frostbite (You acquired it on level 5 of the Lair of Beasts)
 29942 | Lair:6   | Noticed a spiny frog
 29950 | Lair:6   | Killed a spiny frog
 30052 | Lair:6   | Noticed a spiny frog
 30158 | Lair:6   | Reached XP level 11. HP: 48/48 MP: 10/26
 30244 | Lair:6   | Learned a level 6 spell: Statue Form
 30327 | Lair:6   | Noticed a five-headed hydra
 30340 | Lair:6   | Killed a five-headed hydra
 30441 | Lair:6   | Reached skill level 13 in Summonings
 30740 | Lair:6   | Reached skill level 1 in Transmutations
 30903 | D:12     | Noticed a two-headed ogre
 30927 | D:12     | Noticed a deep elf mage
 30942 | D:12     | Found a shimmering altar of Xom.
 30955 | D:12     | Identified Sif Muna's Guide on the Escort and Venom (Sif Muna gifted it to you on level 12 of the Dungeon)
 30955 | D:12     | Received a gift from Sif Muna
 30955 | D:12     | Reached skill level 1 in Earth Magic
 30960 | D:12     | Noticed a green ugly thing
 31034 | D:12     | Killed a green ugly thing
 31306 | D:12     | Learned a level 5 spell: Summon Demon
 31406 | D:12     | Killed a two-headed ogre
 31454 | D:12     | Killed a deep elf mage
 32400 | D:12     | Found a sacrificial altar of Ru.
 32711 | D:13     | Noticed a seven-headed hydra
 32761 | D:13     | Killed a seven-headed hydra
 32777 | D:13     | Killed a two-headed ogre
 32989 | D:13     | Noticed a centaur warrior
 33008 | D:13     | Killed a centaur warrior
 33062 | D:13     | Noticed Urug
 33220 | D:13     | Noticed a centaur warrior
 33229 | D:13     | Shot with an arrow by a centaur warrior

Skill      XL: |  1  2  3  4  5  6  7  8  9 10 11 |
---------------+----------------------------------+-----
Spellcasting   | 3 4 5 6 9 10 11 | 11.0
Summonings     | 5 6 7 8 12 11 13 | 13.6
Ice Magic      | 2 3 |  3.0
Dodging        | 4 5 8 9 |  9.0
Fighting       | 2 3 6 5 |  6.0
Air Magic      | 3 |  3.0
Translocations | 3 |  3.0
Transmutations | 3 |  3.4
Earth Magic    | 2 |  2.7
Stealth        | |  2.6

Action                   |  1- 3 |  4- 6 |  7- 9 | 10-12 || total
-------------------------+-------+-------+-------+-------++-------
Melee: Unarmed           |   113 |    87 |    76 |    28 ||   304
       Bite              |     6 |     6 |     7 |     5 ||    24
 Cast: Summon Small Mamm |    20 |       |       |       ||    20
       Call Imp          |    12 |    31 |       |       ||    43
       Call Canine Famil |     7 |    15 |    23 |    14 ||    59
       Summon Ice Beast  |       |    44 |   152 |   272 ||   468
       Summon Lightning  |       |       |    29 |    57 ||    86
       Monstrous Menager |       |       |       |    27 ||    27
Invok: Divine Energy     |       |       |     1 |       ||     1
Evoke: Wand              |       |       |     1 |       ||     1
  Use: Scroll            |     3 |     1 |    16 |    18 ||    38
       Potion            |       |       |       |     1 ||     1
 Stab: Sleeping          |     3 |     4 |     3 |       ||    10
       Distracted        |     1 |       |       |     1 ||     2
  Eat: Chunk             |    11 |    18 |    47 |    58 ||   134
       Ration            |       |     1 |       |     2 ||     3
Armor: Skin              |    19 |     5 |    11 |     6 ||    41
Dodge: Dodged            |   114 |   106 |   129 |   147 ||   496
Block: Other             |       |       |    18 |    44 ||    62
       Reflection        |       |       |     4 |     8 ||    12
